 Dungeon Crawl Stone Soup version 0.24-a0-652-g46ecf6da75 (webtiles) character file.

Game seed: 12602685655763102888, levelgen mode: deterministic

265 MalarOregon the Conjurer (level 5, -1/41 HPs)
             Began as a Draconian Conjurer on Sept 26, 2019.
             Slain by a gnoll
             ... wielding a +0 flail of holy wrath
              (9 damage)
             ... on level 3 of the Dungeon on Sept 27, 2019.
             The game lasted 00:07:35 (4393 turns).

MalarOregon the Conjurer (Draconian Conjurer)       Turns: 4393, Time: 00:07:35

Health: -1/41      AC:  6    Str: 10    XL:     5   Next: 99%
Magic:  4/10       EV: 12    Int: 16    God:
Gold:   81         SH:  4    Dex: 12    Spells: 10/11 levels left

rFire    . . .     SeeInvis .   j - +0 whip
rCold    . . .     Gourm    .   i - +0 buckler
rNeg     . . .     Faith    .   (armour unavailable)
rPois    .         Spirit   .   (helmet restricted)
rElec    .         Reflect  .   (no cloak)
rCorr    .         Harm     .   (no gloves)
MR       .....                  f - +0 pair of boots
Stlth    ++........             (no amulet)
HPRegen  0.13/turn              (no ring)
MPRegen  0.12/turn              (no ring)

@: no status effects
A: unfitting armour, cold-blooded, AC +5
a: no special abilities


You were on level 3 of the Dungeon.
You were hungry.

You visited 1 branch of the dungeon, and saw 3 of its levels.

You collected 81 gold pieces.

Inventory:

Hand Weapons
 j - a +0 whip (weapon)
   (You took it off a kobold on level 1 of the Dungeon)
Armour
 f - a +0 pair of boots (worn)
   (You found it on level 1 of the Dungeon)
 i - a +0 buckler (worn)
   (You found it on level 1 of the Dungeon)
Jewellery
 k - an uncursed ring of stealth {unknown}
   (You found it on level 2 of the Dungeon)
Wands
 c - a wand of disintegration (9)
   (You found it on level 3 of the Dungeon)
Scrolls
 b - a scroll of remove curse {unknown}
 h - a scroll of fog {unknown}
 l - 4 scrolls of enchant armour {unknown}
 m - a scroll of noise {unknown}
 n - 4 scrolls of identify {unknown}
 q - 2 scrolls of amnesia {unknown}
 s - a scroll of blinking {unknown}
 t - 2 scrolls of enchant weapon {unknown}
 v - a scroll of magic mapping {unknown}
Potions
 a - a potion of might {unknown}
 d - a potion of resistance {unknown}
 g - a potion of berserk rage {unknown}
 p - a potion of haste {unknown}
 r - a potion of flight {unknown}
 u - 2 potions of brilliance {unknown}
Comestibles
 e - 5 rations {!d}


   Skills:
 + Level 2.1 Fighting
 + Level 1.2 Maces & Flails
 + Level 2.6 Dodging
 - Level 1.7 Stealth
 + Level 1.4 Shields
 * Level 3.5 Spellcasting
 * Level 5.0 Conjurations


You had 10 spell levels left.
You knew the following spells:

 Your Spells              Type           Power        Failure   Level  Hunger
a - Magic Dart            Conj           ###.         3%          1    None

Your spell library contained the following spells:

 Spells                   Type           Power        Failure   Level  Hunger
 Searing Ray              Conj           ###...       4%          2    ##.....
 Animate Skeleton         Necr           N/A          24%         1    None
 Apportation              Tloc           #.....       24%         1    None
 Confusing Touch          Hex            #.....       24%         1    None
 Summon Small Mammal      Summ           #...         24%         1    None
 Dazzling Spray           Conj/Hex       ##....       26%         3    ###....
 Iskenderun's Mystic Bla  Conj           ###.....     30%         4    ####...
 Force Lance              Conj/Tloc      ##......     65%         4    ####...
 Fulminant Prism          Conj/Hex       ##........   65%         4    ####...


Dungeon Overview and Level Annotations

Branches:
Dungeon (3/15)

Altars:
Fedhas
Makhleb


Innate Abilities, Weirdness & Mutations

Your plain brown scales are hard. (AC +5)
You cannot fit into any form of body armour.
You are cold-blooded and may be slowed by cold attacks.


Message History

A gnoll is wielding a +0 flail of holy wrath.
The gnoll hits you from afar with a +0 halberd!
The gnoll shouts! x2
There is an open door, spattered with blood here.
Aim: a gnoll, wielding a +0 halberd (moderately wounded)
The magic dart hits the gnoll.
You hear a shout! x2
The gnoll misses you.
Aim: a gnoll, wielding a +0 halberd (heavily wounded)
The magic dart hits the gnoll.
Aim: a gnoll, wielding a +0 halberd (heavily wounded)
The magic dart hits the gnoll.
The gnoll closely misses you.
Things that are here:
a cursed -2 spear; a gnoll skeleton
There is an open door, spattered with blood here.
Aim: a gnoll, wielding a +0 whip (moderately wounded)
The magic dart hits the gnoll.
The gnoll closely misses you.
You hit the gnoll but do no damage. You tail-slap the gnoll.
You barely miss the gnoll. The gnoll closely misses you. x2
The gnoll hits you but does no damage.
You hit the gnoll but do no damage. The gnoll hits you but does no damage.
There is a huge open gate here.
You hit the gnoll.
You kill the gnoll!
You block the gnoll's attack.
The gnoll hits you with a +0 flail of holy wrath.
Aim: a gnoll, wielding a +0 halberd (heavily wounded)
The magic dart hits the gnoll but does no damage.
The gnoll barely misses you.
Aim: a gnoll, wielding a +0 halberd (heavily wounded)
The magic dart hits the gnoll.
The gnoll hits you with a +0 flail of holy wrath.
The gnoll barely misses you.
Aim: a gnoll, wielding a +0 halberd (almost dead)
The magic dart hits the gnoll.
You kill the gnoll!
The gnoll hits you with a +0 flail of holy wrath.
* * * LOW HITPOINT WARNING * * *
You hit the gnoll. The gnoll closely misses you.
You barely miss the gnoll. The gnoll hits you but does no damage.
You hit the gnoll but do no damage. The gnoll hits you but does no damage.
You barely miss the gnoll. You hit the gnoll but do no damage.
The gnoll closely misses you.
Aim: a gnoll, wielding a +0 flail of holy wrath (moderately wounded)
The magic dart hits the gnoll.
The gnoll hits you with a +0 flail of holy wrath!
* * * LOW HITPOINT WARNING * * *
You hit the gnoll. You tail-slap the gnoll.
The gnoll hits you with a +0 flail of holy wrath!
You die...

#.....#
#.##############
#.....# #.#
#.....# #)#
####### #)#
######.########
................
≈≈≈≈≈....≈≈≈≈≈≈≈
≈≈≈≈≈....≈≈≈≈≈≈≈
≈≈≈≈≈...@≈≈≈≈≈≈≈
........g.......
#####'')'#########
#...)#.......#
#....#.)...^.#
+....'g......#
############'#
#....g..#
.....gg.#


You could see a gnoll.

Vanquished Creatures
  A hound (D:3)
  9 gnolls
  4 adders
  2 worms (D:2)
  4 dart slugs
  3 leopard geckos
  An orc (D:3)
  A ball python (D:1)
  8 giant cockroaches
  9 goblins
  5 hobgoblins
  12 jackals
  A quokka (D:2)
  9 bats
  4 frilled lizards
  12 kobolds
  8 rats
93 creatures vanquished.

Notes
Turn   | Place    | Note
-------+----------+-------------------------------------------
     0 | D:1      | MalarOregon the Draconian Conjurer began the quest for the
                  | Orb.
     0 | D:1      | Reached XP level 1. HP: 14/14 MP: 3/3
   364 | D:1      | Reached XP level 2. HP: 22/22 MP: 3/5
  1017 | D:1      | Reached skill level 1 in Fighting
  1032 | D:1      | Reached XP level 3. HP: 20/28 MP: 0/6
  2230 | D:2      | Reached XP level 4. HP: 35/35 MP: 2/8
  2926 | D:2      | Found a blossoming altar of Fedhas.
  3295 | D:2      | Reached skill level 1 in Shields
  3434 | D:3      | Found a burning altar of Makhleb.
  3444 | D:3      | Reached skill level 1 in Maces & Flails
  3444 | D:3      | Reached XP level 5. HP: 36/41 MP: 1/9
  3977 | D:3      | Reached skill level 5 in Conjurations
  4393 | D:3      | Slain by a gnoll

Levels and vault maps discovered:
D:1:      minmay_arrival_pointy, layout_basic
D:2:      layout_basic, fedhas_ov_isle_minmay
D:3:      lemuel_castle_with_subvaults [lemuel_castle_interior_carwin_3],
          layout_basic, nicolae_overflow_hidden_temple, makhleb_heckhound_becter

Skill      XL: |  1  2  3  4  5 |
---------------+----------------+-----
Dodging        | 2 |  2.6
Fighting       | 1 2 |  2.1
Spellcasting   | 3 |  3.5
Shields        | 1 |  1.4
Maces & Flails | 1 |  1.2
Conjurations   | 5 |  5.0
Stealth        | |  1.7

Action                   |  1- 3 |  4- 6 || total
-------------------------+-------+-------++-------
Melee: Unarmed           |    60 |       ||    60
       Tailslap          |     8 |     4 ||    12
       Whip              |     2 |    27 ||    29
 Cast: Magic Dart        |    88 |   143 ||   231
  Eat: Chunk             |     5 |     6 ||    11
Armor: Skin              |    27 |    15 ||    42
Dodge: Dodged            |    55 |    40 ||    95
Block: Buckler           |       |     9 ||     9

Table legend:
 A = Non-vault XP
 B = Vault XP
 C = Vault XP percentage of total XP
 D = Non-vault monster count
 E = Vault monster count
 F = Vault count percentage of total count
                 A         B        C        D         E       F
            +---------+---------+-------+---------+---------+-------
      Total |     241 |     138 |  36.4 |      82 |      11 |  11.8
            +---------+---------+-------+---------+---------+-------
        D:1 |      74 |       0 |   0.0 |      39 |       0 |   0.0
        D:2 |     121 |       0 |   0.0 |      28 |       0 |   0.0
        D:3 |      46 |     138 |  75.0 |      15 |      11 |  42.3
            +---------+---------+-------+---------+---------+-------
